 Dungeon Crawl Stone Soup version 0.30-a0-118-ga018f8e90f (webtiles) character file.

Game seed: 17909249997581218262

980 Newt the Cutter (level 7, -3/54 HPs)
             Began as a Demonspawn Gladiator on Sept 13, 2022.
             Was a Believer of Kikubaaqudgha.
             Succumbed to a gnoll sergeant's poison
             ... on level 5 of the Dungeon.
             The game lasted 00:07:25 (8091 turns).

Newt the Cutter (Demonspawn Gladiator)              Turns: 8091, Time: 00:07:26

Health: -3/54      AC:  7    Str: 16    XL:     7   Next: 96%
Magic:  13/13      EV: 12    Int: 10    God:    Kikubaaqudgha [**....]
Gold:   373        SH:  0    Dex: 17    Spells: 11/14 levels left

rFire   . . .      SeeInvis .    e - +1 short sword (venom)
rCold   . . .      Faith    .    (no shield)
rNeg    + . .      Spirit   .    u - +1 leather armour of Miracles {rN+ Will+ Dex+3}
rPois   .          Reflect  .    c - +0 helmet
rElec   .          Harm     .    y - +0 cloak
rCorr   .          Rampage  .    (no gloves)
Will    +....                    n - +0 pair of boots
Stlth   ++........               (no amulet)
HPRegen 0.18/turn                (no ring)
MPRegen 0.13/turn                (no ring)

@: lethally poisoned (-3 -> -37)
A: hooves 1, powered by pain 1
a: Renounce Religion, Unearth Wretches


You were on level 5 of the Dungeon.
You worshipped Kikubaaqudgha.
Kikubaaqudgha was pleased with you.
You visited 1 branch of the dungeon, and saw 5 of its levels.

You collected 373 gold pieces.

Inventory:

Hand Weapons
 a - a +0 rapier
 e - a +1 short sword of venom (weapon)
Missiles
 g - 5 javelins (quivered)
 l - 2 poisoned darts
 o - 6 curare-tipped darts
Armour
 b - a +0 leather armour
 c - a +0 helmet (worn)
 n - a +0 pair of boots (worn)
 u - the +1 leather armour of Miracles (worn) {rN+ Will+ Dex+3}
   (You found it on level 4 of the Dungeon)

   Dex:       It affects your dexterity (+3).
   rN:        It protects you from negative energy.
   Will:      It increases your willpower.
 y - a +0 cloak (worn)
Scrolls
 i - 4 scrolls of teleportation
 r - a scroll of vulnerability {unknown}
 s - a scroll of brand weapon {unknown}
 v - a scroll of amnesia {unknown}
 w - a scroll of blinking
 x - a scroll of fog {unknown}
Potions
 h - a potion of degeneration
 m - a potion of lignification {unknown}
 p - a potion of might


   Skills:
 - Level 4.0 Fighting
 - Level 5.0 Short Blades
 - Level 1.7 Throwing
 - Level 2.6 Dodging
 - Level 2.0 Stealth
 + Level 4.1 Spellcasting
 - Level 5.0 Necromancy


You had 11 spell levels left.
You knew the following spells:

 Your Spells              Type           Power      Damage    Failure   Level
a - Vampiric Draining     Necr           12%        2d6       12%         3

Your spell library contained the following spells:

 Spells                   Type           Power      Damage    Failure   Level
 Necrotise                Necr           48%        1d6       4%          1
 Sublimation of Blood     Necr           12%        N/A       6%          2
 Anguish                  Hex/Necr       3%         N/A       73%         4
 Summon Ice Beast         Ice/Summ       2%         N/A       97%         4
 Summon Forest            Summ/Tloc      1%         N/A       100%        5
 Summon Mana Viper        Hex/Summ       2%         N/A       100%        5
 Summon Cactus Giant      Summ           1%         N/A       100%        6
 Monstrous Menagerie      Summ           1%         N/A       100%        7


Dungeon Overview and Level Annotations

Branches:
Dungeon (5/15)
 Temple: D:4-7

Altars:
Cheibriados
Fedhas
Gozag
Hepliaklqana
Kikubaaqudgha
Qazlal
Vehumet

Annotations:
D:4 exclusion: oklob plant


Innate Abilities, Weirdness & Mutations

You have large cloven feet.
You sometimes gain a little power by taking damage.


Message History

The gnoll sergeant hits you but does no damage.
You are poisoned.
You completely miss the gnoll sergeant.
You feel sick.
The gnoll sergeant hits you with a +0 trident of venom!
You are more poisoned.
The gnoll shouts!
You hit the gnoll sergeant but do no damage.
You feel very sick.
The gnoll sergeant hits you with a +0 trident of venom.
You are more poisoned.
Throw: throwing net
Press: ? - help, Q - select action, (/) - cycle Shift-Dir - straight line, f - gnoll sergeant
Aim: a gnoll sergeant, wielding a +0 trident of venom and wearing a +0 ring mail (69% to hit)
You throw a throwing net.
The throwing net closely misses the gnoll sergeant.
The throwing net closely misses the gnoll.
The throwing net hits the gnoll.
The gnoll is caught in the net!
You feel very sick.
You closely miss the gnoll sergeant.
You feel very sick.
The gnoll sergeant hits you with a +0 trident of venom!
You are lethally poisoned!
The gnoll struggles against the net.
You hit the gnoll sergeant.
The gnoll sergeant is poisoned.
The gnoll sergeant is lightly wounded.
* * * LOW HITPOINT WARNING * * *
You feel extremely sick.
The gnoll struggles against the net.
The gnoll sergeant closely misses you.
The gnoll sergeant attacks as you move away!
The gnoll sergeant barely misses you.
* * * LOW HITPOINT WARNING * * *
You feel extremely sick.
The gnoll sergeant hits you from afar with a +0 trident of venom.
* * * LOW HITPOINT WARNING * * *
You are more poisoned.
The gnoll struggles against the net.
It was a potion of magic.
Magic courses through your body.
You die...
Kikubaaqudgha rasps: "You have failed me!
Welcome... death!"

#..#.##.# #..........#####
#..#.##.# #)<........#
#..#.##.# ###.##.#.#..#
........######........#..#
...#...........#.##.###
.....................
...#.............#
..........###....#
..........# ##..@######.#
###..##.#.# #....gggg...
#.. #.#.# #..#####...# #..
#.........# # #.#.####...
#.#.. #.... ..##.#


You could see a gnoll sergeant (very poisoned) and 3 gnolls.

Vanquished Creatures
  3 ogres
  2 black bears
  A phantom (D:5)
  A scorpion (D:5)
  A necrophage (D:4)
  A howler monkey (D:4)
  A hound (D:5)
  An orc priest (D:5)
  An iron imp (D:5)
  An iguana (D:5)
  7 adders
  A white imp (D:5)
  2 ufetubi
  4 worms
  3 dart slugs
  23 orcs
  4 bats
  7 endoplasms
  4 giant cockroaches
  6 goblins
  4 hobgoblins
  8 kobolds
  3 quokkas
  7 ball pythons
  6 frilled lizards
  9 rats
  A spectral hobgoblin (D:3)
112 creatures vanquished.

Vanquished Creatures (others)
  12 toadstools (D:4)
12 creatures vanquished.

Grand Total: 124 creatures vanquished

Notes
Turn   | Place    | Note
-------+----------+-------------------------------------------
     0 | D:1      | Newt the Demonspawn Gladiator began the quest for the Orb.
     0 | D:1      | Reached XP level 1. HP: 16/16 MP: 1/1
    69 | D:1      | Reached skill level 1 in Stealth
   183 | D:1      | Gained mutation: You have large cloven feet. [demonic
                  | ancestry]
   183 | D:1      | Reached XP level 2. HP: 16/22 MP: 2/2
   718 | D:1      | Found a faded altar of an unknown god.
   740 | D:1      | Prayed at the altar of an unknown god.
   740 | D:1      | Became a worshipper of Kikubaaqudgha
   740 | D:1      | Reached * piety under Kikubaaqudgha
   740 | D:1      | Received a gift from Kikubaaqudgha
  1058 | D:1      | Reached XP level 3. HP: 27/28 MP: 3/3
  2108 | D:2      | Reached XP level 4. HP: 27/37 MP: 4/4
  2398 | D:3      | Reached ** piety under Kikubaaqudgha
  3426 | D:3      | Noticed an ogre
  3438 | D:3      | Killed an ogre
  3439 | D:3      | Gained mutation: You sometimes gain a little power by
                  | taking damage. [demonic ancestry]
  3439 | D:3      | Reached XP level 5. HP: 10/42 MP: 5/5
  4191 | D:3      | Found a hazy altar of Hepliaklqana.
  4903 | D:4      | Noticed a black bear
  4923 | D:4      | Reached XP level 6. HP: 15/48 MP: 6/6
  5186 | D:4      | Reached skill level 5 in Short Blades
  5651 | D:4      | Found a stormy altar of Qazlal.
  5651 | D:4      | Found a radiant altar of Vehumet.
  6384 | D:4      | Reached XP level 7. HP: 52/54 MP: 7/7
  6494 | D:4      | Identified the +1 leather armour of Miracles {rN+ Will+
                  | Dex+3}
  6706 | D:4      | Found a blossoming altar of Fedhas.
  6718 | D:4      | Noticed an oklob plant
  7009 | D:5      | Entered Level 5 of the Dungeon
  7146 | D:5      | Found an opulent altar of Gozag.
  7250 | D:5      | Found a snail-covered altar of Cheibriados.
  7282 | D:5      | Reached skill level 5 in Necromancy
  7306 | D:5      | Reached skill level 1 in Spellcasting
  7571 | D:5      | Learned a level 3 spell: Vampiric Draining
  8091 | D:5      | Succumbed to a gnoll sergeant's poison

Illustrated notes

Levels and vault maps discovered:
D:1:      matt_arrival_grand_opening, layout_basic, ebering_ecumenical_altar_box
D:2:      layout_basic, dreamdust_wishing_well
D:3:      cheibrodos_helix_gallery, layout_basic,
          nicolae_hepliaklqana_monster_ancestors, hangedman_decor_push,
          chequers_serial_rivers_micro_c
D:4:      layout_loops_cross, jmf_multi_god_temple, tgw_fedhas
D:5:      layout_basic, nicolae_yredelemnul_corpse_copse,
          mainiacjoe_overflow_boulevard, slow_altar_1

Skill      XL: |  1  2  3  4  5  6  7 |
---------------+----------------------+-----
Stealth        | 1 2 |  2.0
Fighting       | 3 4 |  4.0
Short Blades   | 4 5 |  5.0
Necromancy     | 4 5 |  5.0
Spellcasting   | 4 |  4.1
Throwing       | |  1.7
Dodging        | |  2.6

Action                   |  1- 3 |  4- 6 |  7- 9 || total
-------------------------+-------+-------+-------++-------
Melee: Rapier            |   153 |    99 |       ||   252
       Punch             |     3 |     3 |     2 ||     8
       Kick              |    31 |       |       ||    31
       Short sword       |       |    91 |   129 ||   220
Throw: Dart              |       |     2 |       ||     2
       Throwing net      |       |     3 |     1 ||     4
       Javelin           |       |     2 |       ||     2
  Use: Scroll            |     2 |     1 |     4 ||     7
       Potion            |     1 |     1 |     2 ||     4
 Stab: Sleeping          |     8 |     3 |     2 ||    13
Armor: Leather armour    |    34 |    54 |    28 ||   116
Dodge: Dodged            |    92 |   121 |    61 ||   274

Table legend: (Time is in decaauts)
 A = Elapsed time spent in this place.
 B = Non-inter-level travel time spent in this place.
 C = Inter-level travel time spent in this place.
 D = Time resting spent in this place.
 E = Time spent auto-exploring this place.
 F = Levels seen in this place.
 G = Mean time per level.
                   A        B        C        D        E       F      G
               +--------+--------+--------+--------+--------+-----+--------+
         Total |   8055 |   7939 |    116 |   2581 |   4335 |   5 | 1611.0 |
       Dungeon |   8055 |   7939 |    116 |   2581 |   4335 |   5 | 1611.0 |
               +--------+--------+--------+--------+--------+-----+--------+

Top non-repeatable levels by time:
     D:3: 2419 daAuts
     D:4: 2188 daAuts
     D:2: 1305 daAuts
     D:1: 1089 daAuts
     D:5: 1053 daAuts
